Zazza, neutral female human Tourist ------ --------------- |....|#######################..............| |....|# |.............| |...f-@E --------- |.............| ------- |....|## #.......{| |.............| #-`....| # |....|#### |.._....| ---------|---.- ###|.....| # ------# # |.......-### # # # |.....| ######### ##-.......| # # ### ### ------- # |......(| ### # # # # --------- # ############# ### # ###-|--- # # # #.(..| ## ### --|---- |...| ---.---- # |.....| |..>| |......| ### |<....| ----- |......| # |......##############################........## ------- -------- Zazza the Excursionist Experience level: 6 Strength: 25 Dexterity: 16 Constitution: 12 Intelligence: 11 Wisdom: 10 Charisma: 16 Health: 0(42) Energy: 26(26) Def: 7 Gold: 519 Moves: 3358 Dungeon seed: g-KMLmV4DGoTfsfP Game ID: Zazza_1535389385 Your Inventory: Coins $ - 519 gold pieces Weapons a - 36 +2 darts p - a +0 orcish dagger (weapon in hand) x - 24 +0 darts D - a +0 boomerang W - a +4 dart Armor e - an uncursed +0 Hawaiian shirt (being worn) q - a blessed +0 leather armor (being worn) y - an uncursed +2 pair of kicking boots (being worn) N - an uncursed +0 pair of gauntlets of power (being worn) V - an uncursed +0 mummy wrapping Y - an uncursed +0 orcish helm (being worn) Comestibles c - 5 uncursed food rations g - an uncursed egg R - an uncursed lembas wafer Scrolls j - an uncursed scroll of magic mapping m - a blessed scroll of magic mapping B - an uncursed scroll of genocide P - an uncursed scroll of remove curse Potions h - 2 uncursed potions of extra healing o - an uncursed potion of confusion A - an uncursed potion of object detection E - an uncursed potion of sleeping J - 2 uncursed potions of see invisible O - an uncursed potion of water Wands C - a wand of polymorph (0:4) G - a wand of cancellation (0:4) K - a wand of undead turning (0:6) Tools k - an uncursed credit card l - an expensive camera (0:77) n - a magic marker (0:60) Spells and supernatural/magical abilities: Name Level Category Fail Memory W - pray for help -- divine ? -- Your skills at the end: Fighting Skills Weapon Skills dagger [Basic] dart [Basic] Spellcasting Skills Final Attributes: You were piously aligned. You were telepathic. You were unlucky. The Lady was angry with you. You are dead. Vanquished creatures: a ghost 2 small mimics 4 human zombies a water nymph 2 rock piercers a rock mole a kobold mummy a ghoul a straw golem a floating eye a homunculus 5 hill orcs a rothe 2 orc zombies a werejackal 2 large kobolds a hobgoblin 2 giant rats a brown mold a green mold a gnome zombie 4 geckos 2 jackals a kobold 5 goblins 3 sewer rats 6 grid bugs 3 lichens a kobold zombie 11 newts 69 creatures vanquished. Voluntary challenges: You had been an atheist until turn 2915. You used a wielded weapon 117 times, starting on turn 224. You read items or engraved 3 times, starting on turn 740. You never genocided any monsters. You never polymorphed an object. You never changed form. You used no wishes. You never split a pudding. You never wrote Elbereth's name. You violated your moral code, losing 5 points of alignment, starting on turn 3159. Dungeon overview: The Dungeons of Doom: levels 1 to 5 Level 1 some fountains a long staircase Level 2 Level 3 a long staircase Level 4 a general store, a fountain Level 5 <- You were here an altar to Offler, a fountain History has recorded: On T:1 you entered the Dungeons of Doom to retrieve the Amulet of Yendor! On T:641 you reached level 2 of The Dungeons of Doom. On T:858 you advanced to experience level 2. On T:1057 you reached level 3 of The Dungeons of Doom. On T:1581 you reached level 4 of The Dungeons of Doom. On T:1623 you advanced to experience level 3. On T:1767 you advanced to experience level 4. On T:2271 you advanced to experience level 5. On T:2405 you reached level 5 of The Dungeons of Doom. On T:3053 you advanced to experience level 6. Score breakdown: Gold: 518 ( 9236 points) Experience: 6 levels (12456 points) Exploration: 5 levels ( 10.00%) ( 8571 points) Discoveries: 3 items ( 1.01%) ( 3010 points) Valuables value: (no points given unless you survive) Artifact value: 0 ( 0 points) Variety of kills: 30 monsters ( 7.87%) ( 8418 points) Turncount: 3358 turns ( -766 points) Survival: died (score multiplied by 80%) Total score: 32740 Latest messages: The dart hits it. You kill the floating eye! x - an uncursed dart. There are a few more objects here. d - a floating eye corpse. This floating eye corpse tastes terrible! You finish eating the floating eye corpse. You feel a strange mental acuity. You hit it. You miss it. The water elemental of The Lady hits! You hit it. You miss it. The water elemental of The Lady hits! You miss it. (2x) The water elemental of The Lady hits! You die... Final status: Aloha Zazza the Tourist, killed by a water elemental of The Lady... You died in The Dungeons of Doom on dungeon level 5 with 32740 points, and 519 pieces of gold, after 3358 moves. You were level 6 with a maximum of 42 hit points when you died.